APP
OAKLAND (APP) ATHLETICS @ BALTIMORE (APP) ORIOLES
07/25/2044
 
TOP OF THE 1ST
Oakland (APP) Athletics batting - Pitching for Baltimore (APP) Orioles : RHP Jun-seok Pak
Pitching: RHP Jun-seok Pak
Batting: RHB Colin Coleman 0-0: Ground out U3 (Groundball, 34S, EV 88.1 MPH)
Batting: RHB Steve Blackshear 0-0: Ball
1-0: Ball
2-0: Called Strike
2-1: Ball
3-1: Ground out 6-3 (Groundball, 6, EV 84.4 MPH)
Batting: RHB Matt Black 0-0: Called Strike
0-1: Foul Ball, location: 2F
0-2: Ball
1-2: Foul Ball, location: 2F
1-2: Ball
2-2: Ball
3-2: Base on Balls
Batting: RHB Josh Whaley 0-0: Ball
1-0: Called Strike
1-1: Foul Ball, location: 2F
1-2: Foul Ball, location: 2F
1-2: Foul Ball, location: 2F
1-2: Ball
2-2: Foul Ball, location: 2F
2-2: Ball
3-2: Ground out 6-3 (Groundball, 56, EV 95.6 MPH)
Top of the 1st over - 0 runs, 0 hits, 0 errors, 1 left on base; Oakland (APP) 0 - Baltimore (APP) 0
BOTTOM OF THE 1ST
Baltimore (APP) Orioles batting - Pitching for Oakland (APP) Athletics : LHP Kevin Barteaux
Pitching: LHP Kevin Barteaux
Batting: LHB Eric Jackson 0-0: Swinging Strike
0-1: Ground out U3 (Groundball, 3, EV 89.4 MPH)
Batting: RHB Mike Zepeda 0-0: Swinging Strike
0-1: Foul Ball, location: 2F
0-2: Strikes out swinging
Batting: RHB J.J. Basil 0-0: Foul Ball, location: 2F
0-1: Foul Ball, location: 2F
0-2: Ball
1-2: Foul Ball, location: 2F
1-2: Ball
2-2: Ball
3-2: Base on Balls
Batting: RHB Jeremy Sipe 0-0: Called Strike
0-1: Called Strike
0-2: Ball
J.J. Basil steals 2nd base
1-2: Strikes out swinging
Bottom of the 1st over - 0 runs, 0 hits, 0 errors, 1 left on base; Oakland (APP) 0 - Baltimore (APP) 0
TOP OF THE 2ND
Oakland (APP) Athletics batting - Pitching for Baltimore (APP) Orioles : RHP Jun-seok Pak
Batting: LHB Augustin Cormier 0-0: Ball
1-0: Ball
2-0: Foul Ball, location: 2F
2-1: Foul Ball, location: 2F
2-2: Strikes out swinging
Batting: RHB Chris Temple 0-0: SINGLE (Groundball, 56D, EV 107.5 MPH)
Batting: LHB Al Soltero 0-0: Ball
1-0: Foul Ball, location: 2F
1-1: Called Strike
1-2: Foul Ball, location: 2F
1-2: Strikes out looking
Batting: RHB Branden Mackie 0-0: Ball
1-0: Foul Ball, location: 2F
1-1: Ball
2-1: Called Strike
2-2: Foul Ball, location: 2F
2-2: TRIPLE (Line Drive, 89XD, EV 103.8 MPH)
Chris Temple scores
Batting: LHB Mark Friedmann 0-0: Ball
1-0: Ball
2-0: Called Strike
2-1: Ground out 3-1 (Groundball, 34, EV 81.9 MPH)
Top of the 2nd over - 1 run, 2 hits, 0 errors, 1 left on base; Oakland (APP) 1 - Baltimore (APP) 0
BOTTOM OF THE 2ND
Baltimore (APP) Orioles batting - Pitching for Oakland (APP) Athletics : LHP Kevin Barteaux
Batting: LHB Bill Ostlund 0-0: Called Strike
0-1: Ball
1-1: Called Strike
1-2: Fly out, F7 (Flyball, 78S, EV 86.9 MPH)
Batting: RHB Fernando Bravo 0-0: Ball
1-0: Swinging Strike
1-1: Ball
2-1: Foul Ball, location: 2F
2-2: Strikes out looking
Batting: LHB Rodolfo Montes 0-0: Swinging Strike
0-1: Foul Ball, location: 2F
0-2: Ball
1-2: Foul Ball, location: 2F
1-2: Ball
2-2: Fly out, F8 (Flyball, 89M, EV 91.2 MPH)
Bottom of the 2nd over - 0 runs, 0 hits, 0 errors, 0 left on base; Oakland (APP) 1 - Baltimore (APP) 0
TOP OF THE 3RD
Oakland (APP) Athletics batting - Pitching for Baltimore (APP) Orioles : RHP Jun-seok Pak
Batting: RHB Colin Coleman 0-0: Ball
1-0: Ground out 4-3 (Groundball, 4, EV 110.0 MPH)
Batting: RHB Steve Blackshear 0-0: Ball
1-0: Called Strike
1-1: Ball
2-1: Called Strike
2-2: Foul Ball, location: 2F
2-2: SINGLE (Groundball, 5S, EV 71.2 MPH) (infield hit)
Batting: RHB Matt Black 0-0: Ball
1-0: Ball
2-0: Foul Ball, location: 2F
2-1: Called Strike
2-2: Ball
3-2: Base on Balls
Steve Blackshear to second
Batting: RHB Josh Whaley 0-0: Ball
1-0: Ball
2-0: Called Strike
2-1: Called Strike
2-2: Foul Ball, location: 2F
2-2: Ball
3-2: Fly out, F8 (Flyball, 78D, EV 98.8 MPH)
Batting: LHB Augustin Cormier 0-0: Ball
1-0: Foul Ball, location: 2F
1-1: Ball
2-1: Ball
3-1: Base on Balls
Steve Blackshear to third
Matt Black to second
Batting: RHB Chris Temple 0-0: Ball
1-0: Ball
2-0: Ball
3-0: Base on Balls
Steve Blackshear scores
Matt Black to third
Augustin Cormier to second
Batting: LHB Al Soltero 0-0: Called Strike
0-1: Called Strike
0-2: Strikes out looking
Top of the 3rd over - 1 run, 1 hit, 0 errors, 3 left on base; Oakland (APP) 2 - Baltimore (APP) 0
BOTTOM OF THE 3RD
Baltimore (APP) Orioles batting - Pitching for Oakland (APP) Athletics : LHP Kevin Barteaux
Batting: RHB Ryan Vest 0-0: Ball
1-0: Foul Ball, location: 2F
1-1: SINGLE (Groundball, 4D, EV 103.8 MPH)
Pitching: RHP Ricky Lopez
Batting: RHB Ioan Biros 0-0: Ball
1-0: DOUBLE (Flyball, 8RD, EV 100.6 MPH)
Ryan Vest to third
Batting: LHB Eric Jackson 0-0: Swinging Strike
0-1: Ball
1-1: Foul Ball, location: 2F
1-2: Foul Ball, location: 2F
1-2: Ball
Wild Pitch!
Ryan Vest scores
Ioan Biros to third
2-2: Ground out 6-3 (Groundball, 6M, EV 104.4 MPH)
Ioan Biros scores
Batting: RHB Mike Zepeda 0-0: Ball
1-0: Called Strike
1-1: Ground out 4-3 (Groundball, 4, EV 88.1 MPH)
Batting: RHB J.J. Basil 0-0: Ball
1-0: Ball
2-0: Ball
3-0: Base on Balls
Batting: RHB Jeremy Sipe 0-0: Called Strike
0-1: Foul Ball, location: 2F
0-2: Ball
Wild Pitch!
J.J. Basil to second
1-2: Ball
2-2: 2-RUN HOME RUN (Flyball, 7D, EV 106.2 MPH), Distance : 398 ft
Pitching: RHP Victor Sanchez
Batting: LHB Bill Ostlund 0-0: Called Strike
0-1: Fly out, F4 (Line Drive, 4, EV 71.2 MPH)
Bottom of the 3rd over - 4 runs, 3 hits, 0 errors, 0 left on base; Oakland (APP) 2 - Baltimore (APP) 4
TOP OF THE 4TH
Oakland (APP) Athletics batting - Pitching for Baltimore (APP) Orioles : RHP Jun-seok Pak
Pitching: RHP Frank Caillouet
Batting: RHB Branden Mackie 0-0: Called Strike
0-1: Ball
1-1: Swinging Strike
1-2: Ball
2-2: Ground out 5-3 (Groundball, 56, EV 105.0 MPH)
Batting: LHB Mark Friedmann 0-0: Ball
1-0: Called Strike
1-1: Foul Ball, location: 2F
1-2: Strikes out looking
Batting: RHB Colin Coleman 0-0: Ground out 6-3 (Groundball, 6, EV 91.9 MPH)
Top of the 4th over - 0 runs, 0 hits, 0 errors, 0 left on base; Oakland (APP) 2 - Baltimore (APP) 4
BOTTOM OF THE 4TH
Baltimore (APP) Orioles batting - Pitching for Oakland (APP) Athletics : RHP Victor Sanchez
Batting: RHB Fernando Bravo 0-0: Foul Ball, location: 2F
0-1: Foul Ball, location: 2F
0-2: Strikes out swinging
Batting: LHB Rodolfo Montes 0-0: Ball
1-0: Swinging Strike
1-1: Ball
2-1: Ball
3-1: Base on Balls
Batting: RHB Ryan Vest 0-0: Called Strike
Rodolfo Montes steals 2nd base
0-1: Ball
1-1: Ball
2-1: Called Strike
2-2: Strikes out looking
Batting: RHB Ioan Biros 0-0: Ball
1-0: Foul Ball, location: 2F
1-1: Ground out U3 (Groundball, 13, EV 80.6 MPH)
Bottom of the 4th over - 0 runs, 0 hits, 0 errors, 1 left on base; Oakland (APP) 2 - Baltimore (APP) 4
TOP OF THE 5TH
Oakland (APP) Athletics batting - Pitching for Baltimore (APP) Orioles : RHP Frank Caillouet
Batting: RHB Steve Blackshear 0-0: Called Strike
0-1: Ground out 5-3 (Groundball, 56, EV 92.5 MPH)
Batting: RHB Matt Black 0-0: Foul Ball, location: 2F
0-1: Foul Ball, location: 2F
0-2: Strikes out swinging
Batting: RHB Josh Whaley 0-0: Called Strike
0-1: Ball
1-1: Ground out 6-3 (Groundball, 6, EV 91.9 MPH)
Top of the 5th over - 0 runs, 0 hits, 0 errors, 0 left on base; Oakland (APP) 2 - Baltimore (APP) 4
BOTTOM OF THE 5TH
Baltimore (APP) Orioles batting - Pitching for Oakland (APP) Athletics : RHP Victor Sanchez
Batting: LHB Eric Jackson 0-0: Ball
1-0: Ball
2-0: Ground out U3 (Groundball, 34, EV 88.1 MPH)
Batting: RHB Mike Zepeda 0-0: Swinging Strike
0-1: Ball
1-1: Called Strike
1-2: Strikes out swinging
Batting: RHB J.J. Basil 0-0: Ball
1-0: Foul Ball, location: 2F
1-1: Foul Ball, location: 2F
1-2: Foul Ball, location: 2F
1-2: Strikes out swinging
Bottom of the 5th over - 0 runs, 0 hits, 0 errors, 0 left on base; Oakland (APP) 2 - Baltimore (APP) 4
TOP OF THE 6TH
Oakland (APP) Athletics batting - Pitching for Baltimore (APP) Orioles : RHP Frank Caillouet
Batting: LHB Augustin Cormier 0-0: Foul Ball, location: 2F
0-1: SINGLE (Line Drive, 7LS, EV 93.8 MPH)
Batting: RHB Chris Temple 0-0: Called Strike
0-1: Ball
1-1: Foul Ball, location: 2F
1-2: Ball
2-2: Ball
3-2: Foul Ball, location: 2F
3-2: SINGLE (Groundball, 6D, EV 106.9 MPH)
Augustin Cormier to second
Pinch Runner at 2nd Tim Anderson:
Batting: LHB Al Soltero 0-0: Ball
1-0: Swinging Strike
1-1: Foul Ball, location: 2F
1-2: Foul Ball, location: 2F
1-2: Ball
2-2: Strikes out looking
Batting: RHB Branden Mackie 0-0: Ball
1-0: Ball
2-0: Foul Ball, location: 2F
2-1: Foul Ball, location: 2F
2-2: Strikes out swinging
Batting: LHB Mark Friedmann 0-0: 3-RUN HOME RUN (Flyball, 89XD, EV 104.4 MPH), Distance : 435 ft
Pitching: LHP Freddy Gutierrez
Batting: RHB Colin Coleman 0-0: Ground out 1-3 (Groundball, 15S, EV 67.5 MPH)
Top of the 6th over - 3 runs, 3 hits, 0 errors, 0 left on base; Oakland (APP) 5 - Baltimore (APP) 4
BOTTOM OF THE 6TH
Baltimore (APP) Orioles batting - Pitching for Oakland (APP) Athletics : RHP Victor Sanchez
Now at 3B: Branden Mackie
Now at SS: Tim Anderson
Batting: RHB Jeremy Sipe 0-0: SINGLE (Groundball, 34D, EV 101.9 MPH) (infield hit)
Batting: LHB Bill Ostlund 0-0: Called Strike
0-1: Called Strike
0-2: Strikes out swinging
Pinch Hitting: LHB Antonio Cantu 0-0: Called Strike
Jeremy Sipe steals 2nd base
0-1: Fly out, F3 (Line Drive, 3, EV 61.2 MPH)
Batting: LHB Rodolfo Montes 0-0: Called Strike
0-1: Ball
1-1: Ball
2-1: Called Strike
2-2: Ball
3-2: Base on Balls
Batting: RHB Ryan Vest 0-0: Ball
1-0: Swinging Strike
1-1: Ball
2-1: Ball
3-1: Called Strike
3-2: Strikes out swinging, 2-3 out at first.
Bottom of the 6th over - 0 runs, 1 hit, 0 errors, 2 left on base; Oakland (APP) 5 - Baltimore (APP) 4
TOP OF THE 7TH
Oakland (APP) Athletics batting - Pitching for Baltimore (APP) Orioles : LHP Freddy Gutierrez
Now at 1B: Matt O'Dea
Now at SS: Jeremy Sipe
Batting: RHB Steve Blackshear 0-0: Fly out, F7 (Flyball, BS2, EV 93.8 MPH)
Batting: RHB Matt Black 0-0: Ball
1-0: Ball
2-0: Called Strike
2-1: Ball
3-1: Foul Ball, location: 2F
3-2: Strikes out swinging
Batting: RHB Josh Whaley 0-0: Called Strike
0-1: Foul Ball, location: 2F
0-2: Strikes out swinging
Top of the 7th over - 0 runs, 0 hits, 0 errors, 0 left on base; Oakland (APP) 5 - Baltimore (APP) 4
BOTTOM OF THE 7TH
Baltimore (APP) Orioles batting - Pitching for Oakland (APP) Athletics : RHP Victor Sanchez
Pitching: RHP A.J. Marston
Batting: RHB Ioan Biros 0-0: Ball
1-0: Ball
2-0: Ball
3-0: Base on Balls
Batting: LHB Eric Jackson 0-0: Bunt missed!
0-1: Sac Bunt to 13S - play at first, batter OUT! 1-4
Ioan Biros to second
Batting: RHB Mike Zepeda 0-0: Ball
1-0: Ball
2-0: Called Strike
2-1: Called Strike
2-2: Ground out U3 (Groundball, 34S, EV 88.1 MPH)
Ioan Biros to third
Batting: RHB J.J. Basil 0-0: Ball
1-0: Ball
2-0: Ball
3-0: Called Strike
3-1: Base on Balls
Batting: RHB Jeremy Sipe 0-0: Called Strike
0-1: Ball
1-1: Foul Ball, location: 2F
1-2: Strikes out swinging
Bottom of the 7th over - 0 runs, 0 hits, 0 errors, 2 left on base; Oakland (APP) 5 - Baltimore (APP) 4
TOP OF THE 8TH
Oakland (APP) Athletics batting - Pitching for Baltimore (APP) Orioles : LHP Freddy Gutierrez
Pitching: LHP Randall Rennie
Batting: RHB Tim Anderson 0-0: Ball
1-0: Ball
2-0: Swinging Strike
2-1: Called Strike
2-2: Ball
3-2: Base on Balls
Batting: RHB Chris Temple 0-0: Called Strike
0-1: Foul Ball, location: 2F
0-2: Strikes out swinging
Pinch Hitting: RHB Tetsuya Shinoda 0-0: Ball
1-0: Foul Ball, location: 2F
1-1: Ball
2-1: Called Strike
2-2: DOUBLE (Groundball, 5L, EV 97.5 MPH)
Tim Anderson to third
Runner from 3rd tries for Home, SAFE, throw by LF to home
Batting: RHB Branden Mackie 0-0: Intentional Walk
Batting: LHB Mark Friedmann 0-0: Swinging Strike
0-1: Ball
1-1: Foul Ball, location: 2F
1-2: Foul Ball, location: 2F
1-2: Ball
2-2: Strikes out swinging
Batting: RHB Colin Coleman 0-0: Called Strike
0-1: Foul Ball, location: 2F
0-2: Ball
1-2: SINGLE (Line Drive, 4M, EV 98.1 MPH)
Tetsuya Shinoda to third
Branden Mackie to second
Runner from 3rd tries for Home, SAFE, throw by CF to home
Batting: RHB Steve Blackshear 0-0: Called Strike
0-1: Foul Ball, location: 2F
0-2: Ball
1-2: Ball
2-2: Fly out, F8 (Flyball, 8LXD, EV 93.8 MPH)
Top of the 8th over - 2 runs, 2 hits, 0 errors, 2 left on base; Oakland (APP) 7 - Baltimore (APP) 4
BOTTOM OF THE 8TH
Baltimore (APP) Orioles batting - Pitching for Oakland (APP) Athletics : RHP A.J. Marston
Now in LF: Walt Alaniz
Batting: LHB Bill Ostlund 0-0: Ball
1-0: Ball
2-0: Ball
3-0: Called Strike
3-1: Base on Balls
Batting: RHB Matt O'Dea 0-0: Ball
1-0: Called Strike
1-1: Swinging Strike
1-2: Strikes out looking
Batting: LHB Rodolfo Montes 0-0: Ball
Pickoff Throw to First - Error! E1
Bill Ostlund to second
1-0: Ball
2-0: Called Strike
2-1: Called Strike
2-2: Ground out 5-3 (Groundball, 56S, EV 78.1 MPH)
Batting: RHB Ryan Vest 0-0: Ball
1-0: Called Strike
1-1: Foul Ball, location: 2F
1-2: Ground out 5-3 (Groundball, 5S, EV 71.2 MPH)
Bottom of the 8th over - 0 runs, 0 hits, 1 error, 1 left on base; Oakland (APP) 7 - Baltimore (APP) 4
TOP OF THE 9TH
Oakland (APP) Athletics batting - Pitching for Baltimore (APP) Orioles : LHP Randall Rennie
Pitching: RHP Angel Gonzales
Batting: RHB Matt Black 0-0: Foul Ball, location: 2F
0-1: Swinging Strike
0-2: Strikes out swinging
Batting: RHB Josh Whaley 0-0: DOUBLE (Line Drive, 78XD, EV 100.6 MPH)
Batting: RHB Tim Anderson 0-0: Called Strike
0-1: Foul Ball, location: 2F
0-2: Ball
1-2: Ball
Wild Pitch!
Josh Whaley to third
2-2: Ground out 6-3 (Groundball, 56, EV 101.2 MPH)
Josh Whaley scores
Batting: RHB Chris Temple 0-0: Called Strike
0-1: Ground out 6-3 (Groundball, 6, EV 90.6 MPH)
Top of the 9th over - 1 run, 1 hit, 0 errors, 0 left on base; Oakland (APP) 8 - Baltimore (APP) 4
BOTTOM OF THE 9TH
Baltimore (APP) Orioles batting - Pitching for Oakland (APP) Athletics : RHP A.J. Marston
Pitching: LHP Kalaida Steedman
Batting: RHB Ioan Biros 0-0: Ball
1-0: Foul Ball, location: 2F
1-1: Called Strike
1-2: Foul Ball, location: 2F
1-2: DOUBLE (Flyball, 78D, EV 103.1 MPH)
Batting: LHB Eric Jackson 0-0: Called Strike
0-1: Ball
1-1: Ball
2-1: Ball
3-1: Base on Balls
Batting: RHB Mike Zepeda 0-0: Foul Ball, location: 2F
0-1: Swinging Strike
0-2: Ball
1-2: Strikes out looking
Batting: RHB J.J. Basil 0-0: Called Strike
0-1: Foul Ball, location: 2F
0-2: Strikes out swinging
Batting: RHB Jeremy Sipe 0-0: Ball
1-0: Ball
2-0: Ball
3-0: Called Strike
3-1: Base on Balls
Ioan Biros to third
Eric Jackson to second
Batting: LHB Bill Ostlund 0-0: Called Strike
0-1: Ball
1-1: Swinging Strike
1-2: Ball
2-2: Strikes out looking
Bottom of the 9th over - 0 runs, 1 hit, 0 errors, 3 left on base; Oakland (APP) 8 - Baltimore (APP) 4
Thursday, March 31st , 2022 - OOTP Baseball 22.12 Build 89